 Dungeon Crawl Stone Soup version 0.23-a0-405-g368ce00 (webtiles) character file.

332701 ozpin88 the Peltast (level 20, -7/188 (189) HPs)
             Began as a Minotaur Berserker on Nov 6, 2018.
             Was the Champion of Trog.
             Mangled by an acid blob (29 damage)
             ... created by the Royal Jelly
             ... on level 4 of the Pits of Slime.
             The game lasted 03:13:34 (57081 turns).

ozpin88 the Peltast (Minotaur Berserker)           Turns: 57081, Time: 03:13:34

HP:   -7/188 (189)  AC: 11    Str: 41    XL:     20   Next: 90%
MP:   20/20         EV: 18    Int:  4    God:    Trog [******]
Gold: 3128          SH:  0    Dex: 15    Spells: 19/19 levels left

rFire    + + .     SeeInvis .   V - +9 halberd "Isefurph" {pain, *Noise +Inv +Fly MR++}
rCold    + + .     Gourm    .   (shield currently unavailable)
rNeg     + + .     Faith    .   C - +0 pearl dragon scales
rPois    +         Spirit   .   E - -2 hat of the Alchemist {rElec rPois rF+ rC+ rN+ MR+ rMut rCorr}
rElec    +         Reflect  .   D - +2 cloak {MR+}
rCorr    +         Harm     .   T - +1 pair of gloves {Dex+3}
rMut     +                      i - +0 pair of boots
MR       +++++                  (no amulet)
Stlth    ..........             m - +6 ring of strength
HPRegen  0.41/turn              B - +6 ring of strength
MPRegen  0.17/turn

@: resistant, corroded, berserk cooldown, slowed, very slow
A: retaliatory headbutt, horns 2, screaming 1, subdued magic 1
}: 2/15 runes: serpentine, barnacled
a: Berserk, Trog's Hand, Brothers in Arms, Renounce Religion, Evoke
Invisibility, Evoke Flight


You were on level 4 of the Pits of Slime.
You worshipped Trog.
Trog was exalted by your worship.
You were completely stuffed.

You visited 7 branches of the dungeon, and saw 39 of its levels.
You also visited: Sewer and Ice Cave.

You collected 3880 gold pieces.
You spent 752 gold pieces at shops.

Inventory:

Hand Weapons
 t - the +10 whip of the Vanishing Runes {slash, rPois rC+ rN+ SInv}
   (You found it on level 4 of the Dungeon)

   It inflicts extra damage upon your enemies.
   It protects you from cold.
   It protects you from poison.
   It protects you from negative energy.
   It lets you see invisible.
 z - the +7 falchion of Demand {protect, rElec rPois Dex+3}
   (You found it on level 6 of the Lair of Beasts)

   It protects the one who uses it against injury (+AC on strike).
   It affects your dexterity (+3).
   It insulates you from electricity.
   It protects you from poison.
 K - a +7 antimagic broad axe
 V - the +9 halberd "Isefurph" (weapon) {pain, *Noise +Inv +Fly MR++}
   (You took it off a deep elf mage on level 3 of the Elven Halls)

   In the hands of one skilled in necromantic magic, it inflicts extra damage on
   living creatures.
   It affects your resistance to hostile enchantments.
   It lets you turn invisible.
   It lets you fly.
   It may make noises in combat.
Missiles
 O - 66 tomahawks (quivered)
Armour
 i - a +0 pair of boots (worn)
 C - +0 pearl dragon scales (worn)
 D - a +2 cloak of magic resistance (worn)
 E - the -2 hat of the Alchemist (worn) {rElec rPois rF+ rC+ rN+ MR+ rMut rCorr}
   (You found it on level 3 of the Elven Halls)

   It protects you from fire.
   It protects you from cold.
   It insulates you from electricity.
   It protects you from poison.
   It protects you from negative energy.
   It affects your resistance to hostile enchantments.
   It provides partial protection from all sources of acid and corrosion.
   It protects you from mutation.
 G - a +1 buckler of protection
 T - a +1 pair of gloves of dexterity (worn)
Jewellery
 m - a +6 ring of strength (left hand)
 B - a +6 ring of strength (right hand)
 F - the ring of the Ten Allies {+Fly Dex+5}
   (You took it off a deep elf knight on level 14 of the Dungeon)

   [ring of dexterity]

   It affects your dexterity (+5).
   It lets you fly.
 L - the amulet of the Air {Inacc +Fly rElec EV+5 RMsl}
   (You found it on level 9 of the Dungeon)

   [amulet of inaccuracy]

   It reduces the accuracy of all your attacks.
   It affects your evasion (+5).
   It insulates you from electricity.
   It lets you fly.
   It protects you from missiles.
Wands
 w - a wand of paralysis (16)
 y - a wand of random effects (29)
 A - a wand of acid (33)
 H - a wand of iceblast (11)
 I - a wand of polymorph (18)
 R - a wand of flame (46)
 X - a wand of digging (8)
Scrolls
 a - 7 scrolls of magic mapping
 d - 5 scrolls of fog
 e - 8 scrolls of teleportation
 g - 6 scrolls of blinking
 h - 5 scrolls of enchant weapon
 q - 11 scrolls of remove curse
 s - 6 scrolls of identify
 u - 5 scrolls of enchant armour
 Q - 3 scrolls of acquirement
 U - 6 scrolls of fear
Potions
 b - 7 potions of might
 f - 2 potions of haste
 j - 5 potions of heal wounds
 k - 6 potions of brilliance
 n - 4 potions of agility
 o - 7 potions of flight
 p - 8 potions of curing
 v - 3 potions of magic
 x - 2 potions of resistance
 J - a potion of cancellation
 M - 3 potions of berserk rage
 P - 5 potions of ambrosia
 S - 2 potions of invisibility
Miscellaneous
 l - 2 sacks of spiders
 r - a phantom mirror
 Y - 3 boxes of beasts
Comestibles
 c - 24 rations


   Skills:
 + Level 18.6 Fighting
 - Level 17.3 Long Blades
 - Level 14.2(16.9) Axes
 - Level 12.8(17.5) Maces & Flails
 + Level 10.1(16.0) Polearms
   Level 15.0(17.5) Staves
 + Level 1.4 Throwing
 + Level 15.6 Armour
 + Level 11.4 Dodging
 - Level 0.7 Stealth
 + Level 18.7 Shields
 + Level 1.4 Evocations


You had 19 spell levels left.
You didn't know any spells.
Your spell library contained the following spells:

 Spells                   Type           Power        Failure   Level  Hunger
 Animate Skeleton         Necr           N/A          61%         1    ##.....
 Apportation              Tloc           #.....       61%         1    ##.....
 Beastly Appendage        Tmut           #.....       61%         1    ##.....
 Confusing Touch          Hex            #.....       61%         1    ##.....
 Magic Dart               Conj           #...         61%         1    ##.....
 Sandblast                Erth           #.....       61%         1    ##.....
 Summon Small Mammal      Summ           #...         61%         1    ##.....
 Call Imp                 Summ           #.......     77%         2    ###....
 Passwall                 Tmut/Erth      #.......     77%         2    ###....
 Searing Ray              Conj           #.....       77%         2    ###....
 Sticks to Snakes         Tmut           #.......     77%         2    ###....
 Throw Flame              Conj/Fire      #.....       77%         2    ###....
 Call Canine Familiar     Summ           #.......     94%         3    ####...
 Confuse                  Hex            #.......     94%         3    ####...
 Gell's Gravitas          Tloc           #.........   94%         3    ####...
 Spider Form              Tmut/Pois      #.........   94%         3    ####...
 Stone Arrow              Conj/Erth      #.....       94%         3    ####...
 Summon Guardian Golem    Hex/Summ       #.......     94%         3    ####...
 Cause Fear               Hex            #.........   100%        4    #####..
 Ice Form                 Ice/Tmut       #.......     100%        4    #####..
 Leda's Liquefaction      Hex/Erth       #.........   100%        4    #####..
 Petrify                  Tmut/Erth      #.......     100%        4    #####..
 Summon Ice Beast         Ice/Summ       #.......     100%        4    #####..
 Summon Lightning Spire   Summ/Air       #.......     100%        4    #####..
 Throw Icicle             Conj/Ice       #.......     100%        4    #####..
 Alistair's Intoxication  Tmut/Pois      #.......     100%        5    ######.
 Blade Hands              Tmut           #.........   100%        5    ######.
 Bolt of Magma            Conj/Fire/Erth #.........   100%        5    ######.
 Lee's Rapid Deconstruct  Erth           #.........   100%        5    ######.
 Metabolic Englaciation   Hex/Ice        #.........   100%        5    ######.
 Silence                  Hex/Air        #.........   100%        5    ######.
 Yara's Violent Unravell  Hex/Tmut       #.........   100%        5    ######.
 Bolt of Cold             Conj/Ice       #.........   100%        6    #######
 Deflect Missiles         Chrm/Air       #.........   100%        6    #######
 Iron Shot                Conj/Erth      #.........   100%        6    #######
 Ozocubu's Refrigeration  Ice            #.........   100%        6    #######
 Statue Form              Tmut/Erth      #........    100%        6    #######
 Malign Gateway           Summ/Tloc      #.........   100%        7    #######
 Monstrous Menagerie      Summ           #.........   100%        7    #######
 Orb of Destruction       Conj           #.........   100%        7    #######
 Summon Greater Demon     Summ           #.........   100%        7    #######
 Discord                  Hex            #.........   100%        8    #######
 Summon Horrible Things   Summ           #.........   100%        8    #######
 Shatter                  Erth           #.........   100%        9    #######


Dungeon Overview and Level Annotations

Branches:
Dungeon (15/15)            Temple (0/1) D:4            Lair (6/6) D:9
 Shoals (4/4) Lair:2        Snake (4/4) Lair:4        Slime (5/5) Lair:5
    Orc (2/2) D:12            Elf (3/3) Orc:2        Vaults (0/5) D:14
 Depths (0/5) D:15

Altars:
Cheibriados
Dithmenos
Elyvilon
Hepliaklqana
Kikubaaqudgha
Makhleb
Nemelex Xobeh
Ru
Vehumet
Wu Jian
Xom
The Shining One
Jiyva

Shops:
D:10 %   Orc:2 }[=[   Elf:1 :}   Elf:3 ?   Shoals:3 (([!   Snake:4 :

Portals:
Trove: Elf:2 (show slimy rune of Zot)

Annotations:
Lair:6 exclusion: oklob plant
Shoals:4 Polyphemus
Slime:5 Royal Jelly


Innate Abilities, Weirdness & Mutations

You reflexively headbutt those who attack you in melee.
You have a pair of horns on your head.
You occasionally shout uncontrollably at your foes.
Your spells are a little easier to cast, but a little less powerful.


Message History

The acid blob is heavily wounded.
The azure jelly hits you! The azure jelly freezes you! You resist.
* * * LOW HITPOINT WARNING * * *
The azure jelly hits you.
* * * LOW HITPOINT WARNING * * *
The azure jelly freezes you! You resist.
* * * LOW HITPOINT WARNING * * *
The azure jelly hits you but does no damage. x2
The acid blob spits acid at you. The splash of acid hits you! You resist.
You are splashed with acid!
The acid burns!
You resist.
* * * LOW HITPOINT WARNING * * *
The azure jelly hits you.
* * * LOW HITPOINT WARNING * * *
The azure jelly freezes you! You resist.
* * * LOW HITPOINT WARNING * * *
The azure jelly completely misses you.
The azure jelly hits you but does no damage. x2
The acid blob hits you!!
You die...

#...#.........##........
...##.........#....#..< ##
#.##..............##...
##.##.#...............###..
#......#...............####
##.#....................###
#..........................
##.#.......J...............
##.##...#..@........##....^.
#.......#...J..#.....###....
##.#................## ##.##
#...................# ####
##...........#.....##
##......#..........#
##.....#...........#
#......#....####..#
##.##......##.##...#


You could see an acid blob and an azure jelly.

Vanquished Creatures
  Vashnia (Snake:3)
  A deep elf blademaster (Elf:3)
  2 deep elf master archers (Elf:3)
  13 acid blobs
  A kraken (Shoals:1)
  Gastronok (D:9)
  The ghost of Psyclone the Sorcerer, an adept DECj of Sif Muna (Snake:1)
  Agnes (Snake:3)
  8 nagarajas
  15 azure jellies
  The ghost of DankestMemes the Severer, a journeyman DDNe of Makhleb (Snake:1)
  5 deep elf sorcerers (Elf:3)
  A frost giant (IceCv)
  The ghost of PixelatedCat the Severer, an adept GrFi of the Shining One (Snake:1)
  3 deep elf elementalists (Elf:3)
  4 deep elf demonologists (Elf:3)
  Azrael (Snake:3)
  4 deep elf annihilators
  The ghost of Tajynail the Martial Artist, a journeyman GnWn of Nemelex Xobeh (Snake:1)
  8 merfolk javelineers (Shoals:4)
  Snorg (D:12)
  5 deep elf death magi (Elf:3)
  7 merfolk impalers
  3 great orbs of eyes
  A yaktaur captain (D:14)
  4 death oozes
  2 deep elf high priests (Elf:3)
  An ice dragon (Lair:5)
  6 hydras
  5 vault guards (Elf:2)
  16 naga warriors
  An anaconda (shapeshifter) (D:15)
  3 centaur warriors
  2 catoblepae
  A rakshasa (D:15)
  6 merfolk aquamancers
  4 anacondas
  2 alligator snapping turtles
  2 satyrs
  Erica (D:10)
  4 merfolk avatars
  27 dancing weapons
  2 death knights
  4 tengu warriors
  4 ogre magi (Orc:2)
  2 orc high priests
  18 two-headed ogres
  10 shock serpents
  9 naga sharpshooters
  20 death yaks
  14 deep elf knights
  Urug (D:10)
  The ghost of razgard the Carver, a novice VSBe of Trog (D:10)
  A fire crab (D:14)
  2 salamander mystics
  10 deep elf archers
  6 unseen horrors
  8 sea snakes
  An orc knight (D:10)
  16 harpies
  11 naga ritualists
  A wizard (D:10)
  4 mana vipers
  53 deep elf magi
  11 ugly things
  13 manticores
  5 cyclopes
  4 shining eyes
  17 fauns
  9 salamanders
  Joseph (D:9)
  A guardian serpent (Snake:2)
  30 black mambas
  5 elephants
  9 merfolk sirens
  2 torpor snails
  3 eyes of devastation
  30 naga magi
  An ice statue (IceCv)
  4 water nymphs
  2 torpor snails (shapeshifter)
  3 centaur skeletons
  32 spiny frogs
  A small abomination (Elf:3)
  3 yaktaurs (D:14)
  3 rime drakes
  An efreet (D:15)
  6 komodo dragons
  5 freezing wraiths
  A yaktaur (shapeshifter) (D:15)
  The ghost of HilariousDeathArtist the Ruffian, an amateur TrAr of Wu Jian (D:4)
  7 trolls
  A meliai (shapeshifter) (D:14)
  A queen bee (Lair:5)
  3 meliai (Lair:5)
  4 tyrant leeches (Lair:6)
  32 merfolk
  5 wind drakes
  11 polar bears
  2 polar bears (shapeshifter)
  10 dream sheep
  60 slime creatures
  10 hippogriffs
  Prince Ribbit (D:5)
  2 hornets
  11 snapping turtles
  12 blink frogs (Lair:6)
  A spriggan (D:8)
  A redback (shapeshifter) (Elf:2)
  11 water elementals
  A tarantella (shapeshifter) (Elf:3)
  An air elemental (Elf:2)
  A vampire (D:13)
  A wyvern (Lair:2)
  2 wraiths (D:15)
  68 yaks
  Sigmund (D:3)
  6 golden eyes
  3 fire elementals
  A basilisk (Lair:1)
  2 hungry ghosts
  Grum (D:9)
  2 chaos spawn (D:15)
  A warg (Orc:2)
  9 vampire mosquitoes
  A soldier ant (D:12)
  43 nagas
  9 water moccasins
  2 hell hounds (Snake:3)
  12 porcupines
  Duvessa (D:5)
  15 orc warriors
  7 sky beasts
  An eye of draining (shapeshifter) (D:15)
  26 ogres
  8 phantoms
  4 eyes of draining
  5 ice beasts
  4 necrophages
  29 wolves
  4 boggarts (D:15)
  23 centaurs
  14 crocodiles
  3 big kobolds
  Blork the orc (D:5)
  32 bullfrogs
  2 earth elementals (Elf:2)
  A wyvern zombie (D:8)
  2 gnoll sergeants (D:9)
  Dowan (D:5)
  3 scorpions
  27 killer bees
  5 troll zombies (D:12)
  22 wights
  5 electric eels
  A howler monkey (D:9)
  10 crimson imps
  3 quasits
  3 bullfrog zombies
  6 hounds
  3 jellies
  5 orc priests
  A centaur zombie (D:9)
  Crazy Yiuf (D:3)
  A bullfrog skeleton (D:7)
  Terence (D:3)
  Jessica (D:3)
  10 worker ants
  Natasha (thrice) (D:2)
  An iguana (D:7)
  15 orc wizards
  3 ogre zombies (D:12)
  2 hound zombies
  2 hound skeletons
  3 worker ant zombies
  21 gnolls
  A howler monkey skeleton (D:9)
  12 adders
  3 shadow imps
  15 white imps
  7 oozes
  2 adder zombies
  2 adder skeletons (D:9)
  2 worms
  5 dart slugs
  5 leopard geckos
  38 orcs
  10 giant cockroaches
  8 goblins
  5 hobgoblins
  8 jackals
  6 quokkas
  A ball python (D:1)
  3 bats
  6 frilled lizards
  A goblin skeleton (D:12)
  3 goblin zombies (D:12)
  A hobgoblin skeleton (D:12)
  A hobgoblin zombie (D:12)
  22 kobolds
  2 leopard gecko skeletons
  4 orc skeletons (D:12)
  15 orc zombies (D:12)
  A quokka skeleton (D:6)
  16 rats
  2 crawling corpses (Elf:3)
  4 fungi
  12 plants
1494 creatures vanquished.

Vanquished Creatures (others)
  A merfolk impaler (Shoals:4)
  A deep elf knight (Elf:3)
  An unseen horror (D:14)
  A harpy (Shoals:3)
  A deep elf mage (Elf:2)
  2 polar bears (IceCv)
  A golden eye (Slime:5)
  A yak (IceCv)
  A human (D:6)
  2 orcs
  A ball python (D:5)
  A bush (Lair:6)
  7 fungi
  24 plants
  8 tentacles (Shoals:1)
53 creatures vanquished.

Grand Total: 1547 creatures vanquished

Notes
Turn   | Place    | Note
-------+----------+-------------------------------------------
     0 | D:1      | ozpin88 the Minotaur Berserker began the quest for the Orb.
     0 | D:1      | Reached XP level 1. HP: 19/19 MP: 0/0
   238 | D:1      | Reached XP level 2. HP: 7/27 MP: 1/1
   708 | D:1      | Reached XP level 3. HP: 33/33 MP: 2/2
   968 | D:1      | Reached ** piety under Trog
  1245 | D:2      | Found a burning altar of Makhleb.
  1421 | D:2      | Noticed a green death
  1462 | D:2      | Noticed Natasha
  1473 | D:2      | Killed Natasha
  1473 | D:2      | Reached skill level 5 in Axes
  1473 | D:2      | Reached XP level 4. HP: 28/41 MP: 3/3
  1480 | D:2      | Noticed Natasha
  1492 | D:2      | Killed Natasha
  1501 | D:2      | Noticed Natasha
  1505 | D:2      | Killed Natasha
  2020 | D:2      | Reached skill level 5 in Fighting
  2020 | D:2      | Reached XP level 5. HP: 48/48 MP: 4/4
  2483 | D:3      | Noticed Terence
  2488 | D:3      | Killed Terence
  2603 | D:3      | Noticed Jessica
  2611 | D:3      | Killed Jessica
  2645 | D:3      | Noticed Sigmund
  2654 | D:3      | Killed Sigmund
  2654 | D:3      | Reached XP level 6. HP: 56/56 MP: 5/5
  2677 | D:3      | Found a runed door.
  2725 | D:3      | Found a glowing golden altar of the Shining One.
  2982 | D:3      | Reached *** piety under Trog
  3197 | D:3      | Noticed Crazy Yiuf
  3200 | D:3      | Killed Crazy Yiuf
  3345 | D:4      | Found a staircase to the Ecumenical Temple.
  3406 | D:4      | Found an ornate altar of the Wu Jian Council.
  3455 | D:4      | Found a shadowy altar of Dithmenos.
  3832 | D:4      | Found a glowing drain.
  3873 | Sewer    | Entered a sewer
  3876 | Sewer    | Reached XP level 7. HP: 55/61 MP: 6/6
  3879 | Sewer    | Reached skill level 1 in Staves
  3965 | Sewer    | Found a white marble altar of Elyvilon.
  4039 | D:4      | Got an encrusted whip
  4159 | D:4      | Found a runed gate.
  4160 | D:4      | Found a runed gate.
  4161 | D:4      | Found a runed gate.
  4165 | D:4      | Noticed HilariousDeathArtist's ghost (amateur TrAr)
  4174 | D:4      | Killed HilariousDeathArtist's ghost
  4264 | D:5      | Entered Level 5 of the Dungeon
  4284 | D:5      | Reached skill level 5 in Staves
  4284 | D:5      | Reached XP level 8. HP: 70/70 MP: 7/7
  4338 | D:5      | Noticed Prince Ribbit
  4488 | D:5      | Killed Prince Ribbit
  4489 | D:5      | Reached **** piety under Trog
  4509 | D:5      | Found a white marble altar of Elyvilon.
  4557 | D:5      | Noticed Blork the orc
  4564 | D:5      | Killed Blork the orc
  4698 | D:5      | Noticed Duvessa
  4698 | D:5      | Noticed Dowan
  4703 | D:5      | Killed Duvessa
  4704 | D:5      | Killed Dowan
  5262 | D:6      | Found a shimmering altar of Xom.
  5494 | D:6      | Reached skill level 5 in Armour
  5593 | D:6      | Reached XP level 9. HP: 78/78 MP: 8/8
  5672 | D:6      | Found an ancient bone altar of Kikubaaqudgha.
  6004 | D:7      | Found a snail-covered altar of Cheibriados.
  6095 | D:7      | Reached skill level 10 in Staves
  6183 | D:7      | Found a sacrificial altar of Ru.
  6183 | D:7      | Found a hazy altar of Hepliaklqana.
  6447 | D:8      | Reached ***** piety under Trog
  6535 | D:8      | Received a gift from Trog
  6929 | D:8      | Noticed a two-headed ogre
  6940 | D:8      | Killed a two-headed ogre
  6940 | D:8      | Reached XP level 10. HP: 88/88 MP: 9/9
  7337 | D:9      | Noticed an elephant
  7356 | D:9      | Killed an elephant
  7416 | D:9      | Found a staircase to the Lair.
  7470 | D:9      | Noticed Gastronok
  7481 | D:9      | Killed Gastronok
  8081 | D:9      | Noticed Joseph
  8091 | D:9      | Killed Joseph
  8091 | D:9      | Reached XP level 11. HP: 95/95 MP: 10/10
  8135 | D:9      | Noticed a two-headed ogre
  8150 | D:9      | Killed a two-headed ogre
  8177 | D:9      | Received a gift from Trog
  8208 | D:9      | Noticed Grum
  8215 | D:9      | Killed Grum
  8215 | D:9      | Reached skill level 15 in Staves
  8426 | D:9      | Found the amulet of the Air {Inacc +Fly rElec EV+5 RMsl}
  8439 | D:9      | Identified the +10 whip of the Vanishing Runes {slash,
                  | rPois rC+ rN+ SInv} (You found it on level 4 of the
                  | Dungeon)
  8582 | D:10     | Entered Level 10 of the Dungeon
  8610 | D:10     | Noticed Urug
  8610 | D:10     | Noticed an orc knight
  8611 | D:10     | Noticed a runed double sword
  8611 | D:10     | Noticed a wizard
  8612 | D:10     | Noticed Erica
  8936 | D:10     | Killed a wizard
  8941 | D:10     | Killed an orc knight
  8941 | D:10     | Reached skill level 1 in Shields
  8950 | D:10     | Killed Urug
  8950 | D:10     | Reached skill level 5 in Maces & Flails
  8964 | D:10     | Killed Erica
  9087 | D:10     | Found a runed gate.
  9087 | D:10     | Found a runed gate.
  9088 | D:10     | Found a runed gate.
  9101 | D:10     | Noticed razgard's ghost (novice VSBe)
  9111 | D:10     | Killed razgard's ghost
  9140 | D:10     | Noticed an unseen horror
  9143 | D:10     | Killed an unseen horror
  9447 | D:10     | Found Ononihom's Food Emporium.
  9554 | D:11     | Reached XP level 12. HP: 106/106 MP: 11/11
  9562 | D:11     | Noticed a two-headed ogre
  9574 | D:11     | Killed a two-headed ogre
  9575 | D:11     | Received a gift from Trog
  9761 | D:11     | Noticed a centaur warrior
  9769 | D:11     | Killed a centaur warrior
  9769 | D:11     | Reached skill level 10 in Fighting
  9785 | D:11     | Reached skill level 5 in Shields
  9867 | D:11     | Reached ****** piety under Trog
  9877 | D:11     | Noticed a two-headed ogre
  9884 | D:11     | Killed a two-headed ogre
  9884 | D:11     | Reached skill level 10 in Armour
 10255 | D:12     | Reached skill level 10 in Maces & Flails
 10269 | D:12     | Noticed Snorg
 10275 | D:12     | Killed Snorg
 10446 | D:12     | Found a staircase to the Orcish Mines.
 10657 | D:12     | Noticed a two-headed ogre
 10664 | D:12     | Killed a two-headed ogre
 10666 | D:12     | Noticed a two-headed ogre
 10675 | D:12     | Killed a two-headed ogre
 10751 | D:12     | Found a shadowy altar of Dithmenos.
 10810 | D:12     | Noticed a two-headed ogre
 10817 | D:12     | Killed a two-headed ogre
 11033 | D:13     | Received a gift from Trog
 11480 | D:13     | Noticed a catoblepas
 11492 | D:13     | Killed a catoblepas
 11492 | D:13     | Reached XP level 13. HP: 114/114 MP: 12/12
 11539 | D:13     | Found a frozen archway.
 11579 | IceCv    | Entered an ice cave
 12678 | IceCv    | Noticed a frost giant
 12697 | IceCv    | Killed a frost giant
 12700 | IceCv    | Reached skill level 10 in Shields
 12710 | IceCv    | Received a gift from Trog
 14180 | D:14     | Found a gate to the Vaults.
 14680 | D:14     | Identified the ring of the Ten Allies {+Fly Dex+5}
 15363 | D:14     | Reached XP level 14. HP: 102/124 MP: 4/13
 15391 | D:14     | Reached skill level 5 in Dodging
 15714 | D:14     | Received a gift from Trog
 15952 | D:15     | Entered Level 15 of the Dungeon
 16011 | D:15     | Found a sparkling altar of Nemelex Xobeh.
 16075 | D:15     | Found a shimmering altar of Xom.
 16076 | D:15     | Found the +7 mace of Variability {chain chaos}
 16401 | D:15     | Reached skill level 10 in Axes
 17163 | D:15     | Found a staircase to the Depths.
 17437 | Lair:1   | Entered Level 1 of the Lair of Beasts
 17690 | Lair:1   | Found a labyrinth entrance.
 18263 | Lair:2   | Found a staircase to the Shoals.
 18718 | Lair:2   | Received a gift from Trog
 19506 | Lair:2   | Identified a scroll of acquirement
 19825 | Lair:3   | Reached XP level 15. HP: 108/134 MP: 4/14
 21140 | Lair:4   | Found a staircase to the Snake Pit.
 21603 | Lair:5   | Received a gift from Trog
 21716 | Lair:5   | Found a viscous altar of Jiyva.
 21717 | Lair:5   | Found a staircase to the Slime Pits.
 22545 | Lair:6   | Entered Level 6 of the Lair of Beasts
 22814 | Lair:6   | Received a gift from Trog
 23133 | Lair:6   | Got an ancient falchion
 23134 | Lair:6   | Identified the +7 falchion of Demand {protect, rElec rPois
                  | Dex+3} (You found it on level 6 of the Lair of Beasts)
 23169 | Lair:6   | Reached skill level 1 in Long Blades
 23541 | Lair:6   | Reached XP level 16. HP: 134/145 MP: 15/15
 24320 | Lair:6   | Received a gift from Trog
 24643 | Shoals:1 | Entered Level 1 of the Shoals
 24731 | Shoals:1 | Reached skill level 5 in Long Blades
 26206 | Shoals:1 | Noticed a kraken
 26594 | Shoals:1 | Killed a kraken
 27887 | Shoals:2 | Received a gift from Trog
 27887 | Shoals:2 | Reached skill level 1 in Throwing
 28381 | Shoals:3 | Found Udiseobb's Weapon Boutique.
 28967 | Shoals:3 | Found Jeujibag's Weapon Boutique.
 29000 | Shoals:3 | Reached skill level 10 in Long Blades
 29105 | Shoals:3 | Reached skill level 15 in Shields
 29387 | Shoals:3 | Found Qeutij's Antique Armour Emporium.
 29455 | Shoals:3 | Found Qalu's Distillery.
 29458 | Shoals:3 | Bought a potion of might for 68 gold pieces
 29458 | Shoals:3 | Bought a potion of curing for 51 gold pieces
 29458 | Shoals:3 | Bought a potion of curing for 51 gold pieces
 29458 | Shoals:3 | Bought a potion of curing for 51 gold pieces
 29458 | Shoals:3 | Bought a potion of curing for 51 gold pieces
 29585 | Shoals:4 | Entered Level 4 of the Shoals
 30297 | Shoals:4 | Reached XP level 17. HP: 110/154 MP: 16/16
 31223 | Shoals:4 | Identified the Catalogue of Moulding and Clay
 31343 | Shoals:4 | Got a slimy rapier
 31344 | Shoals:4 | Identified the cursed +1 rapier "Micobym" {pierce, rC+
                  | Int+3} (You found it on level 4 of the Shoals)
 31651 | Shoals:4 | Got an ancient war axe
 31652 | Shoals:4 | Identified the cursed +1 war axe of Awkwardness {chop,
                  | *Drain rPois Int+6} (You found it on level 4 of the Shoals)
 35425 | Shoals:4 | Noticed Polyphemus
 36212 | Shoals:4 | Received a gift from Trog
 36250 | Shoals:4 | Got a barnacled rune of Zot
 36753 | Shoals:1 | Reached skill level 1 in Evocations
 36893 | Snake:1  | Entered Level 1 of the Snake Pit
 36942 | Snake:1  | Found a runed gate.
 36943 | Snake:1  | Found a runed gate.
 36944 | Snake:1  | Found a runed gate.
 36945 | Snake:1  | Noticed PixelatedCat's ghost (adept GrFi)
 36945 | Snake:1  | Noticed Tajynail's ghost (journeyman GnWn)
 36946 | Snake:1  | Noticed Psyclone's ghost (adept DECj)
 36946 | Snake:1  | Noticed DankestMemes's ghost (journeyman DDNe)
 36967 | Snake:1  | Killed Psyclone's ghost
 36975 | Snake:1  | Killed Tajynail's ghost
 36978 | Snake:1  | Killed PixelatedCat's ghost
 37024 | Snake:1  | Killed DankestMemes's ghost
 37998 | Snake:1  | Reached skill level 15 in Fighting
 38684 | Snake:2  | Received a gift from Trog
 39168 | Snake:2  | Received a gift from Trog
 39616 | Snake:2  | Reached XP level 18. HP: 163/163 MP: 17/17
 39837 | Snake:3  | Noticed Azrael
 39848 | Snake:3  | Killed Azrael
 39883 | Snake:3  | Noticed Vashnia
 39898 | Snake:3  | Noticed Agnes
 39913 | Snake:3  | Killed Agnes
 40004 | Snake:3  | Killed Vashnia
 41021 | Snake:4  | Entered Level 4 of the Snake Pit
 41041 | Snake:4  | Found Qucy's Book Boutique.
 41513 | Snake:4  | Reached skill level 15 in Long Blades
 42310 | Snake:4  | Received a gift from Trog
 42370 | Snake:4  | Got a serpentine rune of Zot
 43456 | Slime:1  | Entered Level 1 of the Pits of Slime
 44135 | Orc:1    | Entered Level 1 of the Orcish Mines
 44228 | Orc:2    | Entered Level 2 of the Orcish Mines
 44278 | Orc:2    | Received a gift from Trog
 44425 | Orc:2    | Found a staircase to the Elven Halls.
 44647 | Orc:2    | Reached XP level 19. HP: 109/172 MP: 18/18
 44652 | Orc:2    | Received a gift from Trog
 44841 | Orc:2    | Found Xifusas's Antique Armour Boutique.
 44841 | Orc:2    | Found Puem's Gadget Shoppe.
 44842 | Orc:2    | Found Umarayl's Armour Emporium.
 44842 | Orc:2    | Found Mostrocu's Jewellery Boutique.
 44851 | Orc:2    | Bought an uncursed ring of resist corrosion for 240 gold
                  | pieces
 44851 | Orc:2    | Bought an uncursed ring of resist corrosion for 240 gold
                  | pieces
 45332 | Elf:1    | Entered Level 1 of the Elven Halls
 45351 | Elf:1    | Found Lirghuoto's Gadget Shop.
 45355 | Elf:1    | Found Pidy's Book Boutique.
 45382 | Elf:1    | Reached skill level 10 in Dodging
 45745 | Elf:1    | Identified the Collected Works on Arcane Weapons
 45831 | Elf:1    | Found a radiant altar of Vehumet.
 46568 | Elf:2    | Received a gift from Trog
 46696 | Elf:2    | Found a radiant altar of Vehumet.
 47003 | Elf:2    | Found a portal to a secret trove of treasure.
 47209 | Elf:2    | Found a huge runed gate.
 47209 | Elf:2    | Found a huge runed gate.
 47209 | Elf:2    | Found a huge runed gate.
 47224 | Elf:2    | Found a huge runed gate.
 47224 | Elf:2    | Found a huge runed gate.
 47346 | Elf:2    | Received a gift from Trog
 48258 | Elf:3    | Entered Level 3 of the Elven Halls
 48649 | Elf:3    | Found Teghul's Magic Scroll Shop.
 49200 | Elf:3    | Reached skill level 15 in Armour
 49465 | Elf:3    | Received a gift from Trog
 49556 | Elf:3    | Reached XP level 20. HP: 184/184 MP: 6/19
 50157 | Elf:3    | Got a faintly glowing halberd {pain}
 50367 | Elf:3    | Identified the +9 halberd "Isefurph" {pain, *Noise +Inv
                  | +Fly MR++} (You took it off a deep elf mage on level 3 of
                  | the Elven Halls)
 50440 | Elf:3    | Got a pitted tin amulet
 50442 | Elf:3    | Identified the amulet "Faeraxer" {Inacc Int+4} (You found
                  | it on level 3 of the Elven Halls)
 50513 | Elf:3    | Found the -2 hat of the Alchemist {rElec rPois rF+ rC+ rN+
                  | MR+ rMut rCorr}
 51000 | Elf:3    | Identified the Grimoire of Feathers and Cold
 51510 | Lair:5   | Reached skill level 1 in Polearms
 52479 | Slime:1  | Reached skill level 5 in Polearms
 52517 | Slime:1  | Received a gift from Trog
 52930 | Slime:3  | Gained mutation: You occasionally shout uncontrollably at
                  | your foes. [a shining eye]
 55399 | Slime:5  | Entered Level 5 of the Pits of Slime
 56487 | Slime:5  | Reached skill level 10 in Polearms
 56529 | Slime:5  | Noticed the Royal Jelly
 56687 | Slime:5  | Gained mutation: Your spells are a little easier to cast,
                  | but a little less powerful. [a shining eye]
 57081 | Slime:4  | Mangled by an acid blob

Vault maps used:
D:1:      zelgadis_glass_arrival_small
D:2:      makhleb_altar_promises_db, uniq_natasha
D:3:      tso_metal_star, kennysheep_jessica_study, uniq_crazy_yiuf_cottage,
          uniq_terence, uniq_sigmund
D:4:      nicolae_overflow_hidden_temple, lemuel_round_altar, temple_statues,
          cheibrodos_sewer_entry_drain, ebering_ghost_rock_garden, st_stairs_12
D:5:      elyvilon_altar_4, first_ration, kennysheep_generic_room_10,
          uniq_prince_ribbit1, uniq_blork_the_orc, uniq_duvessa
D:6:      xom_butterflies, minmay_misc_feat_cross, tgw_kikubaaqudgha
D:7:      old_standard_altar, gammafunk_temple_overflow_elements
D:8:      the_bakery, chequers_serial_rivers_small_a
D:9:      david_lair_generic, minivault_4, minmay_pinched_square, uniq_joseph,
          uniq_grum, uniq_gastronok
D:10:     serial_shops, shop_fountains, ebering_ghost_rock_garden,
          sword_in_stone
D:11:     palyth_stone_intersect, nicolae_water_bricks, minmay_sticks_and_stones
D:12:     zombieorc2_lemuel, grunt_dithmenos_smoke_and_mirrors, uniq_snorg
D:13:     portal_ice_cave_entry_imps
D:14:     minmay_the_grid_triangle_9x9_rhombus_thin_mashed, david_vaults_2,
          serial_park_gazebo
D:15:     gammafunk_enter_depths_forms, serial_column_ruins, column_ruins_hut,
          column_ruins_hut, column_ruins_open_tiny, column_ruins_grid_1,
          column_ruins_open_tiny_water, column_ruins_grid_1,
          column_ruins_grid_1, column_ruins_open_tiny,
          nemelex_xobeh_ov_fountains_minmay, minmay_guarded_unrand_variability
Lair:1:   lab_entry_generic, hangedman_lair_unloving_vines,
          minmay_stone_trees_medium
Lair:2:   elwin_shoals_entry_stream, cheibrodos_lair_reptile_den
Lair:4:   minmay_snake_entry_guardpost_small, grunt_megastairs_4
Lair:5:   slime_altar_1, special_room, bobbens_ice_dragon_lair,
          serial_bayou_shore_a
Lair:6:   minmay_lair_end_frog_pond
Shoals:2: nicolae_shoals_island_circles
Shoals:3: serial_shops, nicolae_shop_behind_doors,
          nicolae_shop_competitors_out_of_business, shop_fountains,
          nicolae_shop_competitors_out_of_business,
          nicolae_shoals_cliffside_cave
Shoals:4: shoals_end_simple, uniq_polyphemus
Snake:1:  gammafunk_ghost_cemetery, guppyfry_library_mini, grunt_megastairs_3,
          lemuel_fruit_tree
Snake:3:  st_stairs_1, abandoned_shop, uniq_agnes, uniq_vashnia, uniq_azrael
Snake:4:  snake_pit, serial_shops, shop_statue
Slime:1:  cheibrodos_slime_lost_civilization_6
Slime:2:  nicolae_slime_welcoming_committee
Slime:4:  nicolae_slime_phagocytosis
Orc:1:    basic_altar
Orc:2:    st_orc_ogre_mass, minmay_orc_keep
Elf:1:    basic_altar, minmay_elf_annihilation, minmay_shoptagon
Elf:2:    enter_trove_5, basic_altar
Elf:3:    elf_hall_gauntlet_narrow, serial_shops,
          nicolae_shop_competitors_out_of_business, serial_co_window_serial,
          co_window_paths_a, co_window_corner_a, co_window_paths_a,
          co_window_paths_a, co_window_corner_a
Sewer:    sewer_kobolds
IceCv:    ice_cave_caverns_02

Skill      XL: |  1  2  3  4  5  6  7  8  9 10 11 12 13 14 15 16 17 18 19 20 |
---------------+-------------------------------------------------------------+-----
Axes           | 4 5 6 8 11 14 | 14.2
Fighting       | 4 5 6 7 8 9 10 11 12 13 14 15 16 17 18 | 18.6
Dodging        | 3 4 5 6 7 8 9 10 11 | 11.4
Maces & Flails | 2 3 4 7 11 12 | 12.8
Armour         | 3 4 5 6 8 9 10 11 12 13 14 15 | 15.6
Staves         | 5 8 11 14 15 | 15.0
Shields        | 3 8 11 13 14 15 16 17 18 | 18.7
Long Blades    | 3 10 14 16 17 | 17.3
Throwing       | 1 |  1.4
Evocations     | 1 |  1.4
Polearms       | 10 | 10.1
Stealth        | |  0.7

Action                   |  1- 3 |  4- 6 |  7- 9 | 10-12 | 13-15 | 16-18 | 19-21 || total
-------------------------+-------+-------+-------+-------+-------+-------+-------++-------
Melee: Hand axe          |    68 |    26 |       |       |       |       |       ||    94
       Headbutt          |    12 |    13 |    40 |   137 |   327 |   776 |   269 ||  1574
       Flail             |       |    46 |       |       |       |       |       ||    46
       Quarterstaff      |       |    17 |   191 |   193 |       |       |       ||   401
       Whip              |       |       |       |   471 |   276 |       |       ||   747
       Broad axe         |       |       |       |       |   872 |       |   481 ||  1353
       Falchion          |       |       |       |       |    99 |  2140 |    21 ||  2260
       Halberd           |       |       |       |       |       |       |   377 ||   377
Throw: Tomahawk          |       |       |       |       |       |    14 |       ||    14
Invok: Berserk           |     1 |     5 |     6 |    11 |    18 |    27 |    13 ||    81
 Abil: Evoke Flight      |       |       |       |       |     2 |     3 |     2 ||     7
Evoke: Wand              |       |       |       |       |       |    13 |       ||    13
  Use: Scroll            |       |     9 |     1 |     2 |    12 |    28 |     2 ||    54
       Potion            |       |       |       |       |       |     8 |     6 ||    14
 Stab: Sleeping          |       |     1 |       |       |       |       |       ||     1
       Paralysed         |       |       |       |     2 |       |       |       ||     2
       Petrifying        |       |       |       |     1 |       |       |       ||     1
       Distracted        |       |       |       |       |       |       |     2 ||     2
  Eat: Chunk             |     3 |    12 |    11 |    17 |    24 |    10 |    16 ||    93
       Ration            |       |       |     1 |     3 |    10 |    25 |    14 ||    53
Armor: Animal skin       |    13 |     7 |       |       |       |       |       ||    20
       Scale mail        |       |    14 |    46 |       |       |       |       ||    60
       Plate armour      |       |       |    38 |   230 |   143 |       |       ||   411
       Pearl dragon scal |       |       |       |       |   336 |   727 |   383 ||  1446
Dodge: Dodged            |    38 |    49 |    90 |   206 |   797 |  1478 |   526 ||  3184
       Deflected         |       |       |       |    12 |    19 |   157 |    22 ||   210
Block: Shield            |       |       |       |   158 |   334 |       |       ||   492
       Large shield      |       |       |       |    21 |       |       |       ||    21
       Buckler           |       |       |       |       |   289 |   955 |   176 ||  1420
       Rpst.: Falchion   |       |       |       |       |    29 |   241 |     4 ||   274

Table legend:
 A = Non-vault XP
 B = Vault XP
 C = Vault XP percentage of total XP
 D = Non-vault monster count
 E = Vault monster count
 F = Vault count percentage of total count
                 A         B        C        D         E       F
            +---------+---------+-------+---------+---------+-------
      Total |  323864 |  250389 |  43.6 |     945 |     533 |  36.1
            +---------+---------+-------+---------+---------+-------
        D:1 |      60 |       0 |   0.0 |      31 |       0 |   0.0
        D:2 |     144 |      36 |  20.0 |      17 |       1 |   5.6
        D:3 |      68 |     324 |  82.7 |      23 |       5 |  17.9
        D:4 |     138 |     349 |  71.7 |      10 |       4 |  28.6
        D:5 |     533 |     570 |  51.7 |      19 |       4 |  17.4
        D:6 |     706 |       0 |   0.0 |       9 |       0 |   0.0
        D:7 |     865 |       0 |   0.0 |      16 |       0 |   0.0
        D:8 |    1899 |     234 |  11.0 |      25 |       1 |   3.8
        D:9 |    1894 |    5877 |  75.6 |      41 |      26 |  38.8
       D:10 |    3036 |    3798 |  55.6 |      22 |       5 |  18.5
       D:11 |    6377 |     550 |   7.9 |      40 |       1 |   2.4
       D:12 |    6150 |    1876 |  23.4 |      35 |      37 |  51.4
       D:13 |    4863 |     122 |   2.4 |      29 |      12 |  29.3
       D:14 |    7474 |    7973 |  51.6 |      29 |      14 |  32.6
       D:15 |   16968 |    5688 |  25.1 |      38 |      18 |  32.1
     Lair:1 |     189 |       0 |   0.0 |       1 |       0 |   0.0
     Lair:2 |    5490 |    2213 |  28.7 |      25 |       6 |  19.4
     Lair:3 |    6252 |       0 |   0.0 |      16 |       0 |   0.0
     Lair:4 |    6918 |    1477 |  17.6 |      24 |      10 |  29.4
     Lair:5 |   13242 |    4057 |  23.5 |      27 |      33 |  55.0
     Lair:6 |   16448 |   13776 |  45.6 |      49 |      50 |  50.5
   Shoals:1 |   19205 |       0 |   0.0 |      38 |       0 |   0.0
   Shoals:2 |   15156 |       0 |   0.0 |      30 |       0 |   0.0
   Shoals:3 |   16130 |       0 |   0.0 |      33 |       0 |   0.0
   Shoals:4 |   10627 |   30932 |  74.4 |      26 |      43 |  62.3
    Snake:1 |    6553 |   12653 |  65.9 |      14 |      16 |  53.3
    Snake:2 |   23982 |       0 |   0.0 |      53 |       0 |   0.0
    Snake:3 |    6211 |   12779 |  67.3 |       9 |      13 |  59.1
    Snake:4 |   15486 |   35202 |  69.4 |      26 |      49 |  65.3
    Slime:1 |   18352 |       0 |   0.0 |      21 |       0 |   0.0
    Slime:2 |   10230 |      42 |   0.4 |      12 |       6 |  33.3
    Slime:3 |    8896 |       0 |   0.0 |      11 |       0 |   0.0
    Slime:4 |    9748 |    7284 |  42.8 |      12 |       8 |  40.0
    Slime:5 |   10734 |    7576 |  41.4 |      23 |       5 |  17.9
      Orc:1 |     286 |       0 |   0.0 |       1 |       0 |   0.0
      Orc:2 |    2887 |   14951 |  83.8 |      27 |      40 |  59.7
      Elf:1 |   14963 |    5392 |  26.5 |      22 |       8 |  26.7
      Elf:2 |   16904 |   27107 |  61.6 |      28 |      34 |  54.8
      Elf:3 |   17800 |   34431 |  65.9 |      33 |      23 |  41.1
      Sewer |       0 |     109 | 100.0 |       0 |       9 | 100.0
      IceCv |       0 |   13011 | 100.0 |       0 |      52 | 100.0
            +---------+---------+-------+---------+---------+-------
